Map: Odyssey LE

Players

sLivko

  • Race: Zerg Zerg
  • League: Grandmaster
  • Spawn Location: 5:00

Lambo - Winner!

  • Race: Zerg Zerg
  • League: Master
  • Spawn Location: 11:00

Event: WESG Barcelona European Finals 2017

VOD

Have the link to the VOD?

Description

Time

  • Played on: Nov. 24, 2017, 11:15 a.m.
  • Length: 4:08

All games in this series

Show
View Real Time Build Order
Export as new Build Order

sLivko Zerg 

Build Orders: Hatch First 

Get SALT Encoding   

  12  0:00  Drone  
  13  0:12  Overlord  
  13  0:17  Drone  
  14  0:30  Drone x2  
  14  0:34  Drone  
  17  0:52  Hatchery  
  17  0:54  Drone  
  17  0:57  Drone  
  18  1:09  Extractor  
  17  1:12  Spawning Pool  
  17  1:15  Drone  
  17  1:18  Drone  
  18  1:27  Drone  
  19  1:38  Overlord  
  19  1:56  Drone  
  19  1:59  Queen  
  19  2:00  Zergling x2  
  23  2:03  Queen  
  23  2:04  Zergling x2  
  23  2:08  Metabolic Boost  
  26  2:11  Drone  
  26  2:15  Drone  
  28  2:21  Drone  
  29  2:30  Zergling x2  
  29  2:34  Zergling x2, Spine Crawler  
  30  2:37  Queen  
  30  2:40  Zergling x2  
  31  2:44  Zergling x2  
  31  2:51  Spine Crawler  
  31  2:55  Zergling x2  
  31  2:56  Zergling x2  
  31  3:00  Zergling x2  
  31  3:05  Evolution Chamber  
  14  3:20  Zergling x6  
  9  3:44  Drone  
  8  3:53  Drone  
Show
View Real Time Build Order
Export as new Build Order

Lambo Zerg - Winner!

Build Orders: 1 Base Baneling Bust, Pool Only, Zergling Baneling 

Get SALT Encoding   

  12  0:00  Drone  
  13  0:14  Extractor  
  12  0:23  Spawning Pool  
  12  0:28  Drone  
  12  0:32  Drone  
  13  0:36  Drone  
  14  0:48  Overlord  
  14  1:10  Zergling x2, Queen  
  17  1:16  Metabolic Boost  
  17  1:20  Zergling x2  
  17  1:25  Zergling x2  
  19  1:29  Zergling x2  
  20  1:33  Zergling x2  
  21  1:44  Baneling Nest  
  21  1:46  Zergling x2  
  21  1:58  Overlord  
  21  2:05  Zergling x2  
  22  2:17  Zergling x2  
  22  2:19  Zergling x2  
  22  2:20  Zergling x4  
  26  2:33  Zergling x2  
  26  2:45  Baneling x3  
  26  2:46  Baneling, Zergling x2  
  27  2:53  Zergling x4  
  29  3:04  Baneling x2  
  29  3:07  Zergling x2  
  29  3:11  Zergling x4  
  29  3:19  Zergling x2  
  28  3:27  Drone x2  
  28  3:29  Drone  
  28  3:33  Drone  
  29  3:38  Baneling  
  29  3:39  Baneling  
  29  3:45  Drone  
Tags
 
Add a new tag
Caveats
  • Supply blocks, unpowered buildings, or Contaminate may cause inaccurate times.
  • Supply counts are checked every 10 seconds.